 Dungeon Crawl Stone Soup version 0.20-a0-463-g5747544 (webtiles) character file.

114 Amnesiac the Magician (level 4, -1/30 HPs)
             Began as a Mummy Enchanter on Jan 10, 2017.
             Slain by a mummy (20 damage)
             ... in an ossuary.
             The game lasted 00:07:27 (2540 turns).

Amnesiac the Magician (Mummy Enchanter)             Turns: 2540, Time: 00:07:28

Health: -1/30      AC:  2    Str: 11    XL:     4   Next: 66%
Magic:  5/10       EV: 12    Int: 14    God:
Gold:   43         SH:  0    Dex: 13    Spells: 5/11 levels left

rFire  x . .     SeeInvis .     a - +1 dagger
rCold  + . .     Gourm    .     b - +0 robe
rNeg   + + +     Faith    .     (no shield)
rPois  ∞         Spirit   .     (no helmet)
rElec  .         Reflect  .     (no cloak)
rCorr  .         Harm     .     (no gloves)
MR     .....                    (no boots)
Stlth  ++........               (no amulet)
                                (no ring)
                                (no ring)

@: no status effects
A: no food or potions, fire vulnerability, cold resistance 1, negative energy
resistance 3, torment resistance, unbreathing
a: no special abilities


You were in an ossuary.
You were not hungry.

You visited 1 branch of the dungeon, and saw 5 of its levels.
You also visited: Ossuary.

You collected 43 gold pieces.

Inventory:

Hand Weapons
 a - a +1 dagger (weapon)
Missiles
 e - 5 javelins (quivered)
Armour
 b - a +0 robe (worn)
Scrolls
 d - a scroll of identify {unknown}
 f - a scroll of blinking {unknown}
 g - a scroll of fog {unknown}
 h - a scroll of recharging {unknown}
Books
 c - a book of Maledictions

   Spells                             Type                      Level
   a - Corona                         Hexes                        1
   b - Ensorcelled Hibernation        Hexes/Ice                    2
   c - Confuse                        Hexes                        3
   d - Tukima's Dance                 Hexes                        3
   e - Dazzling Spray                 Conjuration/Hexes            3


   Skills:
 * Level 1.6 Short Blades
 - Level 1.5 Dodging
 - Level 2.4 Stealth
 - Level 4.0 Spellcasting
 + Level 4.0 Hexes


You had 5 spell levels left.
You knew the following spells:

 Your Spells              Type           Power        Failure   Level  Hunger
e - Confuse               Hex            ##......     12%         3    N/A
f - Corona                Hex            ##.....      3%          1    N/A
z - Ensorcelled Hibernat  Hex/Ice        #.....       14%         2    N/A

Dungeon Overview and Level Annotations

Branches:
Dungeon (5/15)
 Temple: D:4-7

Altars:

Annotations:
D:5 Syneil's ghost, novice DECj


Innate Abilities, Weirdness & Mutations

You do not eat or drink.
Your flesh is vulnerable to fire.
You are immune to poison.
Your flesh is cold resistant. (rC+)
You are immune to negative energy. (rN+++)
You are immune to unholy pain and torment.
You can survive without breathing.


Message History

Casting: Confuse
Confirm with . or Enter, or press ? or * to list all spells.
Aiming: Confuse
Press: ? - help, Shift-Dir - straight line, f - mummy, p - mummy
Aim: a mummy (severely damaged, chance to defeat MR: 44%)
The mummy appears confused.
You hit the mummy but do no damage.
The mummy is severely damaged.
You hit the mummy.
The mummy is almost destroyed.
You hit the mummy but do no damage.
The mummy is almost destroyed.
The mummy seems less confused.
You catch the helpless mummy completely off-guard!
You puncture the mummy!
You destroy the mummy!
Your Hexes skill increases to level 4!
The mummy hits you!!
Ouch! That really hurt!
You die...

#'### # #^^.# #
#^.^# # #^^^# #
#^^^# # ###'# #
#...# #
#...######## #####
#@..#...#?!!?#...#
#M..'.∩.+??)!#.∩.'
#...#...#!!??#...#
############ #####


You could see a mummy.

Vanquished Creatures
  4 big kobold zombies (Ossuary)
  A mummy (Ossuary)
  An ooze (D:3)
  4 adder zombies (Ossuary)
  A gnoll zombie (Ossuary)
  3 hobgoblins
  A frilled lizard (D:1)
  6 hobgoblin zombies (Ossuary)
  A kobold (D:2)
  5 kobold zombies (Ossuary)
  5 orc zombies (Ossuary)
  A quokka zombie (D:5)
  A rat (D:1)
  A rat zombie (D:5)
35 creatures vanquished.

Vanquished Creatures (others)
  A big kobold zombie (Ossuary)
  An orc zombie (Ossuary)
2 creatures vanquished.

Grand Total: 37 creatures vanquished

Notes
Turn   | Place    | Note
-------+----------+-------------------------------------------
     0 | D:1      | Amnesiac the Mummy Enchanter began the quest for the Orb.
     0 | D:1      | Reached XP level 1. HP: 13/13 MP: 4/4
   267 | D:3      | Reached skill level 1 in Short Blades
   267 | D:3      | Reached XP level 2. HP: 19/19 MP: 6/6
   271 | D:3      | Learned a level 2 spell: Ensorcelled Hibernation
   300 | D:5      | Entered Level 5 of the Dungeon
   325 | D:5      | Found a sand-covered staircase.
   361 | D:5      | Noticed Syneil's ghost (novice DECj)
   377 | Ossuary  | Entered an ossuary
   937 | Ossuary  | Reached XP level 3. HP: 15/24 MP: 7/7
   942 | Ossuary  | Learned a level 3 spell: Confuse
  2004 | Ossuary  | Reached XP level 4. HP: 21/30 MP: 6/9
  2540 | Ossuary  | Slain by a mummy

Vault maps used:
D:1:      lemuel_arrival_funnel
D:2:      uniq_terence, uniq_iyjb, uniq_crazy_yiuf_cottage, uniq_robin,
          uniq_natasha
D:3:      first_bread, uniq_jessica
D:4:      lemuel_round_altar, nicolae_gozag_seed_capital
D:5:      lemuel_coloured_pillars_altar, enter_ossuary_4,
          minmay_misc_feat_encased, uniq_edmund, uniq_menkaure, uniq_grinder,
          uniq_pikel
Ossuary:  ossuary_tomb_2

Skill      XL: |  1  2  3  4 |
---------------+-------------+-----
Spellcasting   | 3 4 |  4.0
Short Blades   | 1 |  1.6
Hexes          | 3 4 |  4.0
Dodging        | |  1.5
Stealth        | |  2.4

Action                   |  1- 3 |  4- 6 || total
-------------------------+-------+-------++-------
Melee: Dagger            |   165 |    50 ||   215
 Cast: Corona            |    13 |     1 ||    14
       Confuse           |     9 |    10 ||    19
 Stab: Sleeping          |     4 |     2 ||     6
       Confused          |     2 |     3 ||     5
Armor: Robe              |    14 |     2 ||    16
Dodge: Dodged            |    88 |    11 ||    99
